 Dungeon Crawl Stone Soup version 0.28.0-43-g3370ac3207 (webtiles) character file.

Game seed: 14262580209530932140

43 smarlow the Sneak (level 3, 0/16 HPs)
             Began as a Vine Stalker Enchanter on Mar 17, 2022.
             Succumbed to an adder's poison
             ... on level 2 of the Dungeon.
             The game lasted 00:02:24 (1667 turns).

smarlow the Sneak (Vine Stalker Enchanter)          Turns: 1667, Time: 00:02:24

Health: 0/16       AC:  2    Str: 10    XL:     3   Next: 58%
Magic:  7/7        EV: 12    Int: 15    God:
Gold:   45         SH:  0    Dex: 16    Spells: 7/7 levels left

rFire   . . .      SeeInvis .   a - +1 dagger
rCold   . . .      Faith    .   (no shield)
rNeg    . . .      Spirit   +   b - +0 robe
rPois   .          Reflect  .   (no helmet)
rElec   .          Harm     .   (no cloak)
rCorr   .          Rampage  .   (no gloves)
Will    .....                   (no boots)
Stlth   +++.......              (no amulet)
HPRegen 0.05/turn               (no ring)
MPRegen 0.10/turn               (no ring)

@: lethally poisoned (0 -> -8)
A: fangs 2, magic shield, antimagic bite, no potion heal 2
a: no special abilities


You were on level 2 of the Dungeon.
You visited 1 branch of the dungeon, and saw 2 of its levels.

You collected 45 gold pieces.

Inventory:

Hand Weapons
 a - a +1 dagger (weapon)
Armour
 b - a +0 robe (worn)
Jewellery
 d - a ring of ice
Scrolls
 f - a scroll of amnesia {unknown}
 h - a scroll of identify {unknown}
Potions
 c - a potion of invisibility
 e - a potion of haste {unknown}
 g - a potion of curing {unknown}


   Skills:
 + Level 1.5 Short Blades
 + Level 2.0 Dodging
 + Level 4.1 Stealth
 + Level 2.5 Spellcasting
 + Level 3.3 Hexes


You had 7 spell levels left.
You didn't know any spells.
Your spell library contained the following spells:

 Spells                   Type           Power      Damage    Failure   Level
 Ensorcelled Hibernation  Hex/Ice        12%        N/A       16%         2
 Confusing Touch          Hex            11%        N/A       16%         3
 Tukima's Dance           Hex            11%        N/A       16%         3
 Dazzling Flash           Conj/Hex       12%        N/A       32%         3


Dungeon Overview and Level Annotations

Branches:
Dungeon (2/15)

Altars:

Annotations:
D:1 Terence


Innate Abilities, Weirdness & Mutations

You have extremely sharp teeth.
When hurt, damage is shared between your health and your magic reserves.
Your bite disrupts and absorbs the magic of your enemies.
Potions cannot restore your health.


Message History

You close the door.
Terence opens the door.
Terence says, "Time to say good-bye..."
There is a stone staircase leading down here.
You climb downwards.
There is a stone staircase leading up here.
The helpless frilled lizard fails to defend itself.
You impale the frilled lizard!!
You kill the frilled lizard!
You start resting.
A frilled lizard comes into view.
There is a stone staircase leading up here.
The frilled lizard hisses angrily.
You hit the frilled lizard.
The frilled lizard is heavily wounded.
The frilled lizard misses you.
You barely miss the frilled lizard.
The frilled lizard is heavily wounded.
The frilled lizard closely misses you.
You closely miss the frilled lizard. Your bite misses the frilled lizard.
The frilled lizard is heavily wounded.
The adder closely misses you. The frilled lizard barely misses you.
You hit the frilled lizard.
You kill the frilled lizard!
The adder bites you.
You are poisoned.
The adder poisons you!
You feel sick. The adder closely misses you. The adder bites you.
* * * LOW HITPOINT WARNING * * *
You are more poisoned.
The adder poisons you!
You see here a frilled lizard corpse.
You miss the adder. You bite the adder. You drain its power.
You feel invigorated.
The adder is lightly wounded.
* * * LOW HITPOINT WARNING * * *
You feel sick. The adder bites you but does no damage.
You miss the adder.
The adder is lightly wounded.
You die...

#.# ...
###. #.#.#
.... #..
#.#.#
....###..
#)#.#
........
#.#.#
#.....#
#.#.#
#.....#
#g#.#
###.....# #
#.#.#
......S@#.#
#.#.#####
######..#.#
#.#.....#
#..#.#
#.......##
######....#
###......#
.......<..+
+.....)'
#######...#
#......#
+...+
#......#
#...#
#......#
#...#
########


You could see an adder.

Vanquished Creatures
  2 dart slugs (D:1)
  A ball python (D:1)
  8 endoplasms
  2 giant cockroaches
  3 hobgoblins (D:1)
  A quokka (D:1)
  4 bats
  6 frilled lizards
  2 goblins (D:2)
  3 kobolds
  6 rats
38 creatures vanquished.

Notes
Turn   | Place    | Note
-------+----------+-------------------------------------------
     0 | D:1      | smarlow the Vine Stalker Enchanter began the quest for the
                  | Orb.
     0 | D:1      | Reached XP level 1. HP: 9/9 MP: 4/4
   170 | D:1      | Found a faded altar of an unknown god.
   176 | D:1      | Reached skill level 1 in Short Blades
   214 | D:1      | Reached XP level 2. HP: 3/13 MP: 1/6
   753 | D:1      | Reached skill level 4 in Stealth
   812 | D:1      | Reached XP level 3. HP: 16/16 MP: 7/7
  1400 | D:2      | Noticed Terence
  1667 | D:2      | Succumbed to an adder's poison

Illustrated notes

Levels and vault maps discovered:
D:1:      dpeg_arrival_radiant, layout_basic, dreamdust_ecumenical_altar_grove,
          st_stairs_10
D:2:      layout_basic, grunt_decor_arrowhead, uniq_terence, uniq_robin

Skill      XL: |  1  2  3 |
---------------+----------+-----
Short Blades   | 1 |  1.5
Stealth        | 4 |  4.1
Dodging        | 2 |  2.0
Spellcasting   | |  2.5
Hexes          | |  3.3

Action                   || total
-------------------------++-------
Melee: Dagger            ||    85
       Bite              ||    15
 Stab: Sleeping          ||    14
Armor: Robe              ||    21
Dodge: Dodged            ||    66
